Map: 2000 Atmospheres LE

Players

A.I. 1 (Hard) - Winner!

  • Race: Protoss Protoss
  • Spawn Location: 3:00

llllllllllll

  • Race: Terran Terran
  • Spawn Location: 7:00

VOD

Have the link to the VOD?

Description

Time

  • Played on: March 11, 2022, 7:10 p.m.
  • Length: 9:23
Show
View Real Time Build Order
Export as new Build Order

A.I. 1 (Hard) Protoss - Winner!

Build Orders:  

Get SALT Encoding   

  12  0:00  Probe  
  13  0:13  Probe  
  14  0:19  Pylon  
  14  0:25  Probe  
  15  0:34  Probe  
  15  0:42  Probe  
  16  0:47  Assimilator  
  17  0:50  Gateway  
  17  0:52  Probe  
  18  0:59  Pylon  
  18  1:00  Probe  
  19  1:19  Probe  
  20  1:39  Zealot  
  22  1:41  Gateway  
  22  1:42  Cybernetics Core  
  22  1:46  Assimilator  
  22  2:02  Pylon  
  22  2:08  Stalker  
  22  2:13  Warp Gate  
  24  2:32  Zealot  
  26  2:43  Pylon  
  26  2:46  Stalker  
  28  3:01  Stalker  
  30  3:11  Probe  
  31  3:16  Stalker  
  33  3:23  Pylon, Probe  
  34  3:31  Stalker  
  36  3:35  Probe  
  37  3:43  Forge  
  37  3:46  Adept  
  37  3:47  Probe  
  40  3:59  Probe  
  41  4:08  Stalker, Probe  
  44  4:24  Adept  
  45  6:08  Protoss Ground Weapons Level 1  
  45  6:19  Adept  
  45  6:21  Gateway  
  45  6:24  Twilight Council, Nexus  
  47  6:28  Sentry  
  47  6:29  Pylon  
  47  6:31  Photon Cannon  
  49  6:33  Photon Cannon  
  49  6:36  Robotics Facility  
  49  6:37  Adept  
  49  6:39  Forge  
  51  6:42  Stargate  
  51  6:51  Adept  
  51  6:52  Blink, Pylon  
  51  6:54  Protoss Ground Armor Level 1  
  45  7:00  Zealot  
  41  7:11  Zealot  
  42  7:20  Adept  
  44  7:26  Observer  
  44  7:29  Adept  
  47  7:34  Probe  
  47  7:38  Probe  
  47  7:39  Stalker  
  47  7:42  Probe  
  51  7:45  Assimilator  
  51  7:48  Observer, Pylon, Adept  
  51  7:50  Pylon, Probe  
  56  7:51  Probe  
  56  7:57  Sentry  
  59  8:03  Probe  
  59  8:04  Probe  
  61  8:10  Photon Cannon  
  61  8:11  Photon Cannon  
  61  8:15  Probe  
  61  8:16  Probe  
  63  8:27  Probe  
  63  8:28  Probe  
  65  8:39  Probe  
  65  8:40  Probe  
  67  8:51  Probe  
  67  8:52  Probe  
  69  9:03  Probe  
  69  9:04  Probe  
  72  9:20  Assimilator  
Show
View Real Time Build Order
Export as new Build Order

llllllllllll Terran 

Build Orders: Reaper Expand 

Get SALT Encoding   

  12  0:00  SCV  
  13  0:12  SCV  
  14  0:17  Supply Depot  
  14  0:24  SCV  
  15  0:39  Barracks, SCV  
  16  0:43  Refinery  
  16  0:51  SCV  
  17  1:03  SCV  
  18  1:15  SCV  
  19  1:27  Reaper  
  19  1:28  Orbital Command  
  20  1:41  Command Center  
  20  1:54  SCV  
  20  1:55  Barracks  
  20  2:00  Barracks Reactor  
  21  2:09  SCV  
  21  2:11  Supply Depot  
  22  2:21  Barracks, SCV  
  23  2:30  Engineering Bay  
  23  2:33  SCV  
  24  2:37  Marine x2  
  24  2:43  Barracks Tech Lab  
  26  2:46  SCV  
  27  2:52  Orbital Command  
  27  2:58  Terran Infantry Weapons Level 1  
  27  2:59  SCV  
  27  3:01  Marine  
  27  3:04  Marine  
  30  3:06  Marine  
  30  3:11  Stimpack  
  31  3:17  Barracks Tech Lab  
  32  3:20  SCV x2  
  32  3:22  Marine x2  
  32  3:24  Marine  
  36  3:32  SCV  
  37  3:35  Supply Depot, SCV  
  37  3:36  Marine  
  37  3:40  Marine x2  
  41  3:42  Marine  
  41  3:44  SCV  
  41  3:48  Supply Depot  
  43  3:50  SCV  
  43  3:54  Marine  
  45  3:57  Combat Shield, Marine  
  45  4:02  Marine  
  47  4:04  Marauder  
  47  4:05  SCV  
  47  4:06  SCV  
  51  4:12  Marauder  
  51  4:15  Marine  
  54  4:18  Supply Depot, SCV x2  
  54  4:20  Marine  
  57  4:30  SCV  
  58  4:32  Marauder, Supply Depot  
  58  4:33  Marine  
  58  4:38  Marine  
  62  4:40  Marauder  
  64  4:47  SCV  
  64  4:49  Supply Depot  
  64  4:51  Marine  
  64  4:52  SCV  
  67  4:54  Marauder, Command Center  
  67  4:55  Marine  
  67  4:59  SCV  
  71  5:03  Marine  
  72  5:08  SCV  
  72  5:09  Marine  
  72  5:11  Refinery  
  72  5:12  Refinery  
  72  5:13  Marine, SCV  
  76  5:17  Marine  
  76  5:21  SCV  
  78  5:25  Factory, Marine, SCV  
  80  5:30  Supply Depot, Refinery  
  80  5:32  Marine  
  80  5:33  SCV  
  80  5:34  Supply Depot  
  80  5:35  Marine  
  83  5:37  SCV  
  83  5:40  Supply Depot  
  84  5:45  Marine, SCV  
  86  5:51  Marine  
  86  5:52  SCV  
  88  5:57  SCV  
  88  5:58  Marine x2  
  88  6:01  Terran Infantry Armor Level 1  
  88  6:03  Concussive Shells  
  92  6:04  SCV  
  92  6:09  SCV, Orbital Command  
  93  6:15  Factory Reactor, Starport  
  93  6:16  Marauder x2, SCV  
  93  6:17  Marine x2  
  100  6:21  SCV  
  100  6:23  Supply Depot  
  101  6:28  SCV  
  102  6:33  SCV  
  102  6:34  Marine  
  102  6:35  Marine, SCV  
  102  6:37  Marauder x2  
  110  6:40  SCV  
  110  6:45  SCV  
  112  6:48  SCV  
  111  6:54  Barracks x2, Marine x2  
  111  6:55  Barracks  
  111  7:00  SCV x3  
  116  7:03  Command Center, Refinery  
  116  7:05  Factory Reactor, Refinery  
  113  7:10  Marauder x2  
  113  7:12  SCV x2  
  113  7:13  Marine  
  113  7:14  Marine, Supply Depot x2  
  121  7:18  Medivac x2  
  121  7:20  SCV  
  126  7:24  SCV x2  
  126  7:25  Armory  
  128  7:31  Marauder  
  128  7:32  Marine, Marauder  
  128  7:35  Marine, SCV  
  128  7:36  SCV  
  136  7:39  Supply Depot  
  136  7:42  Widow Mine x2  
  136  7:43  Barracks Tech Lab  
  136  7:44  Barracks Reactor, Barracks Tech Lab  
  140  7:50  Marine  
  140  7:51  Medivac x2  
  145  7:55  Marine, Marauder  
  148  8:01  Marine, Marauder  
  148  8:05  Marine, Supply Depot x2  
  151  8:06  Widow Mine x2  
  151  8:10  Engineering Bay  
  156  8:15  Marine x2  
  156  8:16  Marauder  
  156  8:18  Orbital Command  
  162  8:20  Marine, Marauder  
  162  8:21  Marine  
  162  8:22  Marauder, Medivac x2  
  162  8:23  Marine  
  171  8:30  Widow Mine x2  
  171  8:33  Marine  
  176  8:34  Supply Depot  
  176  8:37  Marine  
  176  8:38  Marauder, Supply Depot  
  181  8:41  Marauder  
  181  8:45  Marine x2  
  181  8:46  Marauder x2  
  187  8:50  Orbital Command  
  187  8:53  Marine  
  187  8:55  Marine  
  188  8:56  Widow Mine x2  
  188  8:59  Marauder  
  188  9:02  Marine  
  199  9:12  Refinery x2  
Tags
 
Add a new tag
Caveats
  • Supply blocks, unpowered buildings, or Contaminate may cause inaccurate times.
  • Supply counts are checked every 10 seconds.